 Dungeon Crawl Stone Soup version 0.24-b1 (webtiles) character file.

Game seed: 3330338397155219169, levelgen mode: deterministic

623 Arixos the Charmwright (level 7, -2/36 HPs)
             Began as a Vine Stalker Skald on Oct 12, 2019.
             Slain by an orc warrior
             ... wielding a +0 glaive
              (9 damage)
             ... on level 6 of the Dungeon.
             The game lasted 00:20:13 (3024 turns).

Arixos the Charmwright (Vine Stalker Skald)         Turns: 3024, Time: 00:20:14

Health: -2/36      AC:  4    Str: 12    XL:     7   Next: 46%
Magic:  0/13       EV: 13    Int: 13    God:
Gold:   144        SH:  0    Dex: 15    Spells: 6/13 levels left

rFire    . . .     SeeInvis .   o - +0 falchion (holy)
rCold    . . .     Gourm    .   (no shield)
rNeg     . . .     Faith    .   b - +0 leather armour
rPois    .         Spirit   +   (no helmet)
rElec    .         Reflect  .   (no cloak)
rCorr    .         Harm     .   (no gloves)
MR       .....                  g - +0 pair of boots
Stlth    +.........             (no amulet)
HPRegen  0.52/turn              v - -2 ring of strength (curse)
MPRegen  0.13/turn              (no ring)

@: confused, singing
A: fangs 2, regeneration 1, magic shield, antimagic bite, no potion heal 3, rot
immunity
a: no special abilities


You were on level 6 of the Dungeon.
You were not hungry.

You visited 1 branch of the dungeon, and saw 6 of its levels.

You collected 144 gold pieces.

Inventory:

Hand Weapons
 o - a +0 falchion of holy wrath (weapon)
Armour
 b - a +0 leather armour (worn)
 g - a +0 pair of boots (worn)
Jewellery
 v - a cursed -2 ring of strength (left hand)
Scrolls
 e - 4 scrolls of identify
 f - a scroll of enchant armour {unknown}
 j - a scroll of remove curse {unknown}
 l - 2 scrolls of blinking {unknown}
 m - 4 scrolls of teleportation
 n - 2 scrolls of enchant weapon {unknown}
 p - 2 scrolls of amnesia
 q - 2 scrolls of magic mapping {unknown}
 s - a scroll of noise {unknown}
Potions
 c - a potion of brilliance {unknown}
 h - a potion of degeneration {unknown}
 i - 2 potions of heal wounds {unknown}
 k - 3 potions of curing
 r - 2 potions of might {unknown}
 t - a potion of mutation {unknown}
 u - a potion of experience {unknown}
Comestibles
 a - 13 chunks of flesh
 d - 9 rations


   Skills:
 + Level 3.3 Fighting
 + Level 3.3 Long Blades
 - Level 0.7 Armour
 + Level 3.1 Dodging
 + Level 3.7 Spellcasting
 + Level 4.3 Charms
 + Level 0.0 Necromancy
 + Level 2.9 Translocations


You had 6 spell levels left.
You knew the following spells:

 Your Spells              Type           Power        Failure   Level  Hunger
a - Song of Slaying       Chrm           ##......     7%          2    ##.....
r - Regeneration          Chrm/Necr      #.........   32%         3    ###....
s - Shroud of Golubria    Chrm/Tloc      ##....       10%         2    ##.....

Your spell library contained the following spells:

 Spells                   Type           Power        Failure   Level  Hunger
 Infusion                 Chrm           ##..         4%          1    #......
 Spectral Weapon          Hex/Chrm       #.......     32%         3    ###....


Dungeon Overview and Level Annotations

Branches:
Dungeon (6/15)
 Temple: D:4-7

Altars:
Cheibriados
Dithmenos
The Shining One

Shops:
D:4 :*


Innate Abilities, Weirdness & Mutations

You have extremely sharp teeth.
Your natural rate of healing is unusually fast.
When hurt, damage is shared between your health and your magic reserves.
Your bite disrupts and absorbs the magic of your enemies.
Potions cannot restore your health.
You are immune to rotting.


Message History

The orc warrior is lightly wounded.
The crimson imp misses you. Something hits you but does no damage.
Your shroud bends the crimson imp's attack away.
You hit the crimson imp.
The crimson imp convulses.
The crimson imp is heavily wounded.
You hear some strange, mumbled words.
You are confused.
The orc warrior hits you with a +0 glaive!!
* * * LOW HITPOINT WARNING * * *
Your shroud falls apart!
The crimson imp hits you but does no damage.
Something hits you.
* * * LOW HITPOINT WARNING * * *
The orc warrior barely misses you.
You bump into the rock wall.
The orc warrior closely misses you. Something hits you.
* * * LOW HITPOINT WARNING * * *
The crimson imp barely misses you.
The orc warrior hits you from afar with a +0 glaive!
You die...

..........# ......... ..# ##
..< ..... #. ..# #.
.......... #. #.# #.
.....#..####.## #.# #. #.
..o....#..# #.# #. #..
#o##.....# #.# ###
#..###5o.@..#.# #.# ####..
#......{###..[###.###.....
###.##...## #.............
.#......%#######.###.........
.............................
.....##..#########...###.....
.###.#...# .....# #..... #
#.#.# .##...# #..... ...#.. .
##..# ###...


You could see an orc warrior, an orc wizard and a crimson imp.

Vanquished Creatures
  Sigmund (D:3)
  2 ogres
  A scorpion (D:6)
  A howler monkey (D:4)
  An iguana (D:6)
  A worker ant (D:4)
  4 adders
  4 gnolls (D:6)
  5 worms
  A dart slug (D:2)
  4 leopard geckos
  8 orcs
  4 bats
  4 giant cockroaches
  2 goblins
  3 hobgoblins
  4 jackals (D:3)
  4 kobolds
  A quokka (D:4)
  3 frilled lizards
  7 rats
65 creatures vanquished.

Notes
Turn   | Place    | Note
-------+----------+-------------------------------------------
     0 | D:1      | Arixos the Vine Stalker Skald began the quest for the Orb.
     0 | D:1      | Reached XP level 1. HP: 11/11 MP: 4/4
   220 | D:1      | Reached XP level 2. HP: 15/15 MP: 6/6
   224 | D:1      | Learned a level 2 spell: Shroud of Golubria
   791 | D:2      | Reached XP level 3. HP: 17/18 MP: 5/7
   984 | D:2      | Found a faded altar of an unknown god.
  1005 | D:2      | Found a glowing golden altar of the Shining One.
  1281 | D:2      | Reached skill level 1 in Translocations
  1511 | D:3      | Gained mutation: Your natural rate of healing is unusually
                  | fast. [Vine Stalker growth]
  1511 | D:3      | Reached XP level 4. HP: 18/23 MP: 5/9
  1675 | D:3      | Found a snail-covered altar of Cheibriados.
  1737 | D:3      | Noticed Sigmund
  1813 | D:3      | Killed Sigmund
  1813 | D:3      | Reached XP level 5. HP: 12/27 MP: 5/10
  1813 | D:3      | Reached XP level 6. HP: 15/32 MP: 5/11
  2546 | D:4      | Found Xaqohy's Assorted Antiques.
  2565 | D:4      | Reached skill level 4 in Charms
  2595 | D:4      | Found Cytuarac's Book Shop.
  2698 | D:4      | You fall into a shaft and drop 2 floors!
  2729 | D:6      | Reached XP level 7. HP: 25/36 MP: 9/13
  2735 | D:5      | Entered Level 5 of the Dungeon
  2815 | D:6      | Learned a level 2 spell: Song of Slaying
  2819 | D:6      | Learned a level 3 spell: Regeneration
  2949 | D:6      | Found a shadowy altar of Dithmenos.
  3024 | D:6      | Slain by an orc warrior

Skill      XL: |  1  2  3  4  5  6  7 |
---------------+----------------------+-----
Fighting       | 2 3 |  3.3
Long Blades    | 2 3 |  3.3
Dodging        | 2 3 |  3.1
Translocations | 1 2 |  2.9
Spellcasting   | 3 |  3.7
Charms         | 4 |  4.3
Armour         | |  0.7

Action                   |  1- 3 |  4- 6 |  7- 9 || total
-------------------------+-------+-------+-------++-------
Melee: Falchion          |   102 |    76 |    82 ||   260
       Bite              |    36 |    26 |    31 ||    93
 Cast: Shroud of Golubri |     6 |    12 |     7 ||    25
       Song of Slaying   |       |       |     1 ||     1
  Use: Scroll            |       |     2 |     2 ||     4
 Stab: Sleeping          |     1 |       |       ||     1
  Eat: Chunk             |     2 |     5 |     2 ||     9
Armor: Leather armour    |    36 |    15 |    11 ||    62
Dodge: Dodged            |    58 |    47 |    58 ||   163
       Rpst.: Falchion   |    17 |    15 |    16 ||    48
